 Dungeon Crawl Stone Soup version 0.29-a0-323-g050149af67 (webtiles) character file.

Game seed: 17268709876469720842

294 GigaChad the Slasher (level 6, -12/55 HPs)
             Began as a Minotaur Chaos Knight on Apr 11, 2022.
             Was a Plaything of Xom.
             Mangled by a gnoll
             ... wielding a +0 halberd
              (19 damage)
             ... on level 4 of the Dungeon.
             The game lasted 00:10:47 (3114 turns).

GigaChad the Slasher (Minotaur Chaos Knight)        Turns: 3114, Time: 00:10:48

Health: -12/55     AC: 15    Str: 14 (16) XL:     6   Next: 11%
Magic:  5/5        EV:  6    Int:  9      God:    Xom [..*...]
Gold:   160        SH:  0    Dex: 12      Spells: 5/5 levels left

rFire   . . .      SeeInvis .   a - +1 falchion (chaos)
rCold   . . .      Faith    .   (no shield)
rNeg    . . .      Spirit   .   h - +1 chain mail
rPois   .          Reflect  .   (helmet restricted)
rElec   .          Harm     .   (no cloak)
rCorr   .          Rampage  .   (no gloves)
Will    .....                   v - +0 pair of boots
Stlth   ..........              (no amulet)
HPRegen 0.00/turn               o - ring of flight
MPRegen 0.09/turn               x - +4 ring of protection

@: flying, inhibited regen
A: horns 2, retaliatory headbutt, hooves 1, deterioration 1, inhibited
regeneration
a: Renounce Religion


You were on level 4 of the Dungeon.
You worshipped Xom.
You were a toy of Xom.
You visited 1 branch of the dungeon, and saw 4 of its levels.

You collected 160 gold pieces.

Inventory:

Hand Weapons
 a - a +1 falchion of chaos (weapon)
 m - a +3 vorpal flail
 t - a +0 quarterstaff
 u - a +2 flail of protection
 w - a +1 short sword of draining
 B - a +0 falchion
Missiles
 p - 4 poisoned darts
Armour
 b - a +2 leather armour
 h - a +1 chain mail (worn)
 n - a +0 chain mail
 v - a +0 pair of boots (worn)
Jewellery
 o - a ring of flight (left hand)
 x - a +4 ring of protection (right hand)
 C - a ring of fire
Scrolls
 f - a scroll of noise
 l - a scroll of enchant armour
 q - a scroll of amnesia
 r - 4 scrolls of identify
Potions
 d - a potion of invisibility
 e - a potion of heal wounds {unknown}
 g - a potion of cancellation {unknown}
 i - a potion of flight {unknown}
 j - a potion of brilliance {unknown}
 k - a potion of haste {unknown}
 s - a potion of curing {unknown}
 z - a potion of ambrosia {unknown}
 A - a potion of lignification {unknown}
Miscellaneous
 c - a piece from Xom's chessboard (15/15) (quivered)
 D - a phial of floods


   Skills:
 + Level 4.8 Fighting
 + Level 6.2 Long Blades
 + Level 4.3 Armour
 + Level 1.7 Dodging
 + Level 1.0 Stealth


You had 5 spell levels left.
You didn't know any spells.
Your spell library contained the following spells:

 Spells                   Type           Power      Damage    Failure   Level
 Apportation              Tloc           0%         N/A       100%        1
 Ensorcelled Hibernation  Hex/Ice        0%         N/A       100%        2
 Passwall                 Tmut/Erth      0%         N/A       100%        2
 Swiftness                Air            0%         N/A       100%        3
 Alistair's Intoxication  Tmut/Pois      0%         N/A       100%        5


Dungeon Overview and Level Annotations

Branches:
Dungeon (4/15)
 Temple: D:4-7

Altars:
Dithmenos
Gozag
Xom

Shops:
D:3 =


Innate Abilities, Weirdness & Mutations

You have a pair of horns on your head.
You reflexively headbutt those who attack you in melee.
You have large cloven feet.
Your body sometimes deteriorates upon taking damage.
You do not regenerate when monsters are visible.


Message History

You struggle against the net.
You shred the net and break free!
A gnoll comes into view. It is wielding a +0 spear.
The gnoll closely misses you.
The gnoll shouts!
Xom grants you a minor favour.
You feel yourself speed up. The gnoll hits you but does no damage.
You slash the gnoll! You burn the gnoll.
The gnoll is severely wounded.
A gnoll comes into view. It is wielding a +0 halberd.
The gnoll hits you but does no damage.
You slash the gnoll!
You kill the gnoll!
You see here a +0 spear.
Xom makes a sudden noise!
You hear a roar!
You hear a shout!
You hear an angry hiss.
Found a scroll of noise.
You see here a scroll of noise.
You see here a +0 helmet.
Your extra speed is starting to run out.
Things that are here:
a +0 short sword; a +0 ring mail You hit the gnoll.
You headbutt the gnoll!
The gnoll is almost dead.
You feel yourself slow down. The gnoll hits you with a +0 halberd.
* * * LOW HITPOINT WARNING * * *
The gnoll completely misses you. You furiously retaliate!
You headbutt the gnoll!
You kill the gnoll!
You hit the gnoll but do no damage.
The gnoll seems to grow stronger.
Xom thinks this is hilarious!
The gnoll hits you with a +0 halberd!
* * * LOW HITPOINT WARNING * * *
Your body deteriorates!
You feel weakened.
You hit the gnoll. You headbutt the gnoll.
The gnoll is heavily wounded.
The gnoll hits you with a +0 halberd!!
You die...
Xom laughs nastily!

.# #.####.# #.# #.##### .# #?#
####.#### #...... .# #.#
#.......# ####### .# #.#
#.##.##(# .# ##.##
#.#####.##.##.#########
.####...###......................
..##.###.########..#<##.##.######
.....# #[########..[..)...#.#####
..##.###.......g@.......##.......
####....#########)###############
.....#.##########.#
######.>..........#
##############


You could see a gnoll (strong).

Vanquished Creatures
  2 hounds (D:4)
  An orc priest (D:4)
  An iguana (D:4)
  2 orc wizards
  5 adders
  2 gnolls (D:4)
  3 worms
  A dart slug (D:2)
  8 orcs
  5 bats
  5 endoplasms
  2 giant cockroaches (D:3)
  2 goblins (D:3)
  A hobgoblin (D:3)
  5 quokkas
  3 ball pythons
  3 frilled lizards
  4 kobolds
  3 rats
58 creatures vanquished.

Vanquished Creatures (others)
  2 fungi (D:1)
  4 plants (D:1)
6 creatures vanquished.

Grand Total: 64 creatures vanquished

Notes
Turn   | Place    | Note
-------+----------+-------------------------------------------
     0 | D:1      | GigaChad the Minotaur Chaos Knight began the quest for the
                  | Orb.
     0 | D:1      | Reached XP level 1. HP: 19/19 MP: 0/0
   194 | D:1      | Reached skill level 4 in Long Blades
   208 | D:1      | XOM: silly message
   211 | D:1      | Found a faded altar of an unknown god.
   506 | D:1      | Reached XP level 2. HP: 27/27 MP: 1/1
   615 | D:1      | XOM: silly message
   651 | D:1      | XOM: divination: detect items
   743 | D:1      | XOM: god gift: 57 gold pieces
   907 | D:2      | Reached XP level 3. HP: 14/33 MP: 2/2
  1057 | D:2      | XOM: scenery: create altars
  1725 | D:3      | XOM: 2-stop teleportation journey
  1735 | D:3      | Found Lasitsiw's One-of-a-Kind Rings.
  1779 | D:3      | XOM: give mutations
  1779 | D:3      | Gained mutation: You have large cloven feet. [Xom's
                  | mischief]
  1779 | D:3      | Gained mutation: You do not regenerate when monsters are
                  | visible. [Xom's mischief]
  1779 | D:3      | Gained mutation: Your body sometimes deteriorates upon
                  | taking damage. [Xom's mischief]
  1922 | D:3      | Reached skill level 5 in Long Blades
  1936 | D:3      | Reached XP level 4. HP: 9/40 MP: 3/3
  2012 | D:3      | XOM: god gift: runed jade ring {god gift}
  2299 | D:3      | XOM: 4-stop teleportation journey
  2859 | D:4      | Reached XP level 5. HP: 36/47 MP: 4/4
  2879 | D:4      | Found an opulent altar of Gozag.
  2898 | D:4      | XOM: divination: detect items
  2910 | D:4      | Reached skill level 6 in Long Blades
  2918 | D:4      | Found a shadowy altar of Dithmenos.
  2926 | D:4      | XOM: god gift: phial of floods
  2933 | D:4      | Found a shimmering altar of Xom.
  3045 | D:4      | Reached skill level 1 in Stealth
  3045 | D:4      | Reached XP level 6. HP: 13/55 MP: 5/5
  3052 | D:4      | XOM: potion effect (haste)
  3070 | D:4      | XOM: noise
  3114 | D:4      | Mangled by a gnoll

Illustrated notes

Levels and vault maps discovered:
D:1:      dpeg_arrival_houses_and_road, layout_loops_ring,
          shapermc_ecumenical_altar_mp_urbaneastern, minmay_misc_feat_roman
D:2:      layout_loops_cross, solitary_fountain
D:3:      layout_loops_ring, nicolae_shop_unique_rings,
          kennysheep_pointless_box, minivault_24
D:4:      layout_loops_ring, grunt_temple_overflow_open,
          mainiacjoe_overflow_catwalk, minmay_temple_entry_mini_moons,
          hellmonk_ghost_happy_afterlife, kennysheep_big_empty_room

Skill      XL: |  1  2  3  4  5 |
---------------+----------------+-----
Long Blades    | 4 5 6 |  6.2
Fighting       | 4 |  4.8
Armour         | 3 4 |  4.3
Stealth        | 1 |  1.0
Dodging        | |  1.7

Action                   |  1- 3 |  4- 6 || total
-------------------------+-------+-------++-------
Melee: Falchion          |    96 |    57 ||   153
       Headbutt          |    12 |    14 ||    26
       Punch             |     1 |     2 ||     3
  Use: Scroll            |       |     7 ||     7
 Stab: Confused          |     1 |       ||     1
Armor: Leather armour    |    13 |       ||    13
       Chain mail        |    57 |    56 ||   113
Dodge: Dodged            |    52 |    27 ||    79

Table legend: (Time is in decaauts)
 A = Elapsed time spent in this place.
 B = Non-inter-level travel time spent in this place.
 C = Inter-level travel time spent in this place.
 D = Time resting spent in this place.
 E = Time spent auto-exploring this place.
 F = Levels seen in this place.
 G = Mean time per level.
                   A        B        C        D        E       F      G
               +--------+--------+--------+--------+--------+-----+--------+
         Total |   3100 |   3086 |     14 |    378 |    778 |   4 |  775.0 |
       Dungeon |   3100 |   3086 |     14 |    378 |    778 |   4 |  775.0 |
               +--------+--------+--------+--------+--------+-----+--------+

Top non-repeatable levels by time:
     D:3: 1207 daAuts
     D:1: 800 daAuts
     D:2: 731 daAuts
     D:4: 361 daAuts
